 Dungeon Crawl Stone Soup version 0.21.0-24-g2553a33 (webtiles) character file.

135 Suckerboh the Firebug (level 4, -8/24 HPs)
             Began as a Deep Elf Fire Elementalist on Jan 20, 2018.
             Killed by divine providence
             ... invoked by an orc priest
              (10 damage)
             ... on level 3 of the Dungeon.
             The game lasted 00:03:26 (2811 turns).

Suckerboh the Firebug (Deep Elf Fire Elementalist)  Turns: 2811, Time: 00:03:27

Health: -8/24      AC:  3    Str:  5    XL:     4   Next: 97%
Magic:  6/12       EV: 13    Int: 21    God:
Gold:   160        SH:  0    Dex: 15    Spells: 3/11 levels left

rFire    + . .     SeeInvis .   (no weapon)
rCold    . . .     Gourm    .   (no shield)
rNeg     . . .     Faith    .   a - +0 robe
rPois    .         Spirit   .   v - +0 helmet
rElec    .         Reflect  .   (no cloak)
rCorr    .         Harm     .   (no gloves)
MR       .....                  (no boots)
Stlth    ++........             (no amulet)
HPRegen  0.08/turn              s - ring of protection from fire
MPRegen  0.13/turn              o - ring of wizardry

@: no status effects
A: no striking features
a: no special abilities


You were on level 3 of the Dungeon.
You were hungry.

You visited 1 branch of the dungeon, and saw 3 of its levels.

You collected 160 gold pieces.

Inventory:

Armour
 a - a +0 robe (worn)
 v - a +0 helmet (worn)
Jewellery
 o - a ring of wizardry (right hand)
 s - a ring of protection from fire (left hand)
Scrolls
 d - a scroll of remove curse {unknown}
 e - 2 scrolls of magic mapping {unknown}
 j - 5 scrolls of identify {unknown}
 k - a scroll of amnesia {unknown}
 l - a scroll of immolation {unknown}
 m - a scroll of fog {unknown}
 n - 2 scrolls of teleportation {unknown}
 q - a scroll of noise {unknown}
 r - a scroll of fear {unknown}
Potions
 f - a potion of curing {unknown}
 g - 2 potions of agility
 h - 2 potions of brilliance {unknown}
 p - a potion of berserk rage {unknown}
 t - 2 potions of degeneration {unknown}
 u - a potion of resistance {unknown}
Books
 b - a book of Flames

   Spells                             Type                      Level
   a - Flame Tongue                   Conjuration/Fire             1
   b - Throw Flame                    Conjuration/Fire             2
   c - Conjure Flame                  Conjuration/Fire             3
   d - Inner Flame                    Hexes/Fire                   3
   e - Sticky Flame                   Conjuration/Fire             4
   f - Fireball                       Conjuration/Fire             5
Comestibles
 c - 4 rations


   Skills:
 + Level 0.1 Fighting
 + Level 2.7 Dodging
 - Level 2.4 Stealth
 + Level 4.4 Spellcasting
 * Level 3.0 Conjurations
 + Level 4.5 Fire Magic


You had 3 spell levels left.
You knew the following spells:

 Your Spells              Type           Power        Failure   Level  Hunger
a - Flame Tongue          Conj/Fire      ###..        1%          1    None
b - Conjure Flame         Conj/Fire      ###.....     3%          3    ##.....
c - Sticky Flame          Conj/Fire      ###.....     10%         4    ####...


Dungeon Overview and Level Annotations

Branches:
Dungeon (3/15)

Altars:
Uskayaw


Message History

Confirm with . or Enter, or press ? or * to list all spells.
Aiming: Flame Tongue
Press: ? - help, Shift-Dir - straight line, f/p - orc priest
Aim: an orc priest, wielding a club and wearing a ring mail (moderately wounded, unusually agile)
The flame tongue hits the orc priest.
The orc priest is severely wounded.
The orc priest mumbles some strange prayers to Beogh against you.
Beogh smites you!
Ouch! That really hurt!
* * * LOW HITPOINT WARNING * * *
Casting: Flame Tongue
Confirm with . or Enter, or press ? or * to list all spells.
Aiming: Flame Tongue
Press: ? - help, Shift-Dir - straight line, f/p - orc priest
Aim: an orc priest, wielding a club and wearing a ring mail (severely wounded, unusually agile)
The flame tongue hits the orc priest.
The orc priest appears unharmed.
The orc priest is severely wounded.
The orc priest calls down the wrath of Beogh upon you.
Beogh smites you!
You die...

#.##.#.###.#
#.#####
##.##.#)# #
#.#
...##.#.#
#.#
.)......#
#.#
#####.#.#
#.# # #.#.#
#.# # #.#.#
#.# .. #...#
#.# ##. #..
#@# .....
.......o#
##..
#...>....
#####.####
o. .l# .#.
#.##


You could see 2 orc priests and a leopard gecko.

Vanquished Creatures
  Terence (D:3)
  6 adders
  An ooze (D:2)
  2 worms (D:2)
  A leopard gecko (D:3)
  An orc (D:3)
  5 bats
  4 giant cockroaches
  A goblin (D:3)
  9 hobgoblins
  5 jackals
  A kobold (D:2)
  3 frilled lizards
  3 rats
43 creatures vanquished.

Notes
Turn   | Place    | Note
-------+----------+-------------------------------------------
     0 | D:1      | Suckerboh the Deep Elf Fire Elementalist began the quest for the Orb.
     0 | D:1      | Reached XP level 1. HP: 10/10 MP: 6/6
   692 | D:2      | Reached XP level 2. HP: 15/15 MP: 6/8
   871 | D:2      | Reached XP level 3. HP: 12/19 MP: 5/10
  1089 | D:2      | Found a hide-covered altar of Uskayaw.
  2069 | D:3      | Reached XP level 4. HP: 15/24 MP: 3/12
  2187 | D:3      | Learned a level 3 spell: Conjure Flame
  2192 | D:3      | Learned a level 4 spell: Sticky Flame
  2438 | D:3      | Noticed Terence
  2450 | D:3      | Killed Terence
  2811 | D:3      | Killed from afar by an orc priest

Skill      XL: |  1  2  3  4 |
---------------+-------------+-----
Fire Magic     | 4 |  4.5
Spellcasting   | 4 |  4.4
Conjurations   | 2 3 |  3.0
Fighting       | |  0.1
Dodging        | |  2.7
Stealth        | |  2.4

Action                   |  1- 3 |  4- 6 || total
-------------------------+-------+-------++-------
Melee: Unarmed           |     5 |     5 ||    10
 Cast: Flame Tongue      |    62 |    33 ||    95
       Sticky Flame      |       |     2 ||     2
 Stab: Sleeping          |     1 |       ||     1
  Eat: Chunk             |     2 |     3 ||     5
Armor: Robe              |       |     3 ||     3
Dodge: Dodged            |    19 |    14 ||    33
